 Dungeon Crawl Stone Soup version 0.16.1-11-g651b585 (webtiles) character file.

4576 karlm the Fighter (level 10, -1/68 HPs)
             Began as a Gargoyle Fighter on Apr 5, 2015.
             Was a Priest of Okawaru.
             Splashed by an oklob plant's acid (12 damage)
             ... on level 8 of the Dungeon.
             The game lasted 00:22:27 (8320 turns).

karlm the Fighter (Gargoyle Fighter)                Turns: 8320, Time: 00:22:27

Health: -1/68      AC:  9    Str: 19    XL:     10   Next: 41%
Magic:  10/10      EV:  7    Int: 13    God:    Okawaru [***...]
Gold:   186        SH: 11    Dex: 12    Spells: 0 memorised, 9 levels left

rFire  . . .     SeeInvis .     G - +0 morningstar
rCold  . . .     Clarity  .     w - +0 plate armour
rNeg   + . .     SustAb   .     c - +0 shield
rPois  ∞         Gourm    .     g - +1 helmet {Int+3}
rElec  +         Spirit   .     (no cloak)
rCorr  .         Warding  .     p - +0 pair of gloves
rMut   .         Stasis   .     (no boots)
MR     .....                    (no amulet)
Stlth  ..........               C - +3 ring of evasion
                                a - ring of wizardry

@: corroded equipment, not resistant to hostile enchantments, extremely
unstealthy
A: negative energy resistance 1, electricity resistance, unbreathing,
petrification resistance, rot immunity, AC +7
a: Heroism, Renounce Religion


You were on level 8 of the Dungeon.
You worshipped Okawaru.
Okawaru was most pleased with you.
You were not hungry.

You visited 2 branches of the dungeon, and saw 9 of its levels.

You collected 380 gold pieces.
You spent 194 gold pieces at shops.

Inventory:

Hand weapons
 A - the +5 hand axe "Mutraab" {pain, rC+ rN+}
   (You took it off a gnoll on level 6 of the Dungeon)

   In the hands of one skilled in necromantic magic, it inflicts extra damage on
   living creatures.
   It protects you from cold.
   It protects you from negative energy.
 G - a +0 morningstar (weapon)
 R - a +0 blowgun
Missiles
 f - 179 stones
 i - 11 tomahawks (quivered)
 l - 27 poisoned needles
Armour
 c - a +0 shield (worn)
 g - a +1 helmet of intelligence (worn)
 p - a +0 pair of gloves (worn)
 w - a +0 plate armour (worn)
Jewellery
 a - a ring of wizardry (left hand)
 C - a +3 ring of evasion (right hand)
Magical devices
 b - a wand of hasting (1)
Scrolls
 j - a scroll of amnesia
 r - a scroll of teleportation {unknown}
 s - a scroll of magic mapping {unknown}
 t - 2 scrolls of fog {unknown}
 u - a scroll of random uselessness {unknown}
 v - a scroll of blinking {unknown}
 x - a scroll of fear {unknown}
 y - a scroll of immolation {unknown}
 z - 3 scrolls of identify
 I - a scroll of silence {unknown}
 M - a scroll of recharging {unknown}
 N - a scroll of brand weapon {unknown}
Potions
 e - 3 potions of might
 k - 2 potions of heal wounds
 m - a potion of lignification {unknown}
 n - 2 potions of magic {unknown}
 B - 2 potions of haste {unknown}
 D - a potion of mutation {unknown}
 E - a potion of invisibility {unknown}
 F - 2 potions of agility {unknown}
 H - a potion of cancellation {unknown}
 K - a potion of ambrosia {unknown}
 L - a potion of brilliance {unknown}
Books
 q - a book of the Tempests

   Spells                             Type                      Level
   a - Static Discharge               Conjuration/Air              3
   b - Lightning Bolt                 Conjuration/Air              5
   c - Fireball                       Conjuration/Fire             5
   d - Tornado                        Air                          9
   e - Shatter                        Earth                        9
 P - a book of Party Tricks

   Spells                             Type                      Level
   a - Summon Butterflies             Summoning                    1
   b - Apportation                    Translocation                1
   c - Tukima's Dance                 Hexes                        3
   d - Alistair's Intoxication        Transmutation/Poison         4
   e - Invisibility                   Hexes                        6
Comestibles
 d - 5 bread rations
 h - 9 fruits
 o - 2 meat rations
 J - a slice of pizza
 O - a royal jelly


   Skills:
 * Level 10.2 Fighting
 * Level 8.7 Maces & Flails
 + Level 7.4 Armour
 + Level 7.4 Shields


You had 9 spell levels left.
You didn't know any spells.

Dungeon Overview and Level Annotations

Branches:
Dungeon (8/15)             Temple (1/1) D:5
   Lair: D:8-11

Altars:
Ashenzari
Cheibriados
Dithmenos
Fedhas
Gozag
Kikubaaqudgha
Makhleb
Nemelex Xobeh
Okawaru
Qazlal
Ru
Sif Muna
Trog
Vehumet
Yredelemnul
Lugonu

Shops:
D:5 !}*}?

Annotations:
D:8 exclusion: oklob plant


Innate Abilities, Weirdness & Mutations

You are resistant to torment.
You are immune to poison.
Your stone body is very resilient (AC +7).
You resist negative energy.
You are resistant to electric shocks.
You can survive without breathing.
You are immune to petrification.
You are immune to rotting.


Message History

You hit the plant.
You destroy the plant!
The oklob plant spits acid at you. The splash of acid hits you!
The acid corrodes your equipment!
The acid burns!
You see here a fruit.
You hit the oklob plant.
The oklob plant is lightly damaged.
The oklob plant spits acid at you. The splash of acid hits you!
The acid corrodes your equipment!
The acid burns!
You sock the oklob plant!
The oklob plant is lightly damaged.
The oklob plant spits acid at you. The splash of acid hits you!
The acid burns!
* * * LOW HITPOINT WARNING * * *
You see here a fruit.
The oklob plant spits acid at you. The splash of acid hits you!
* * * LOW HITPOINT WARNING * * *
The acid corrodes your equipment!
The acid burns!
You die...

##PPP..≈≈≈≈≈≈≈..P##PP#
.#PP..≈≈≈≈≈≈≈≈≈..P#PP#
.#P..≈≈≈≈≈≈≈≈≈≈≈.PPPP#
.###.≈≈≈≈...≈≈≈≈.##PP#
.....≈≈≈≈._......P#PP#
.###.≈≈≈≈...≈≈≈≈.#PPP# ##
#.≈≈≈≈≈≈≈≈≈≈≈.P#PP#
P..≈≈≈≈≈≈≈≈≈..#PPP# ...
PP..≈≈≈≈≈≈≈..@PPP## ... #
..P..≈≈≈≈≈..##.%P.## ##+##... #
.#PPP.......#PPP%P##.##.....# +
#P.P# ...#PPPP..%P#..#.....# # .
###PPPPP..P##..#.....# #
P.P#PP..P#P#..'.....# ## #
#PPP.#PP##'#.....###
.#####################.....#....#
...........#...#.....<.....+...##


You could see an oklob plant.

Vanquished Creatures
  Erolcha (D:8)
  A hungry ghost (D:8)
  Eustachio (D:6)
  Grum (D:8)
  3 wolves (D:8)
  A hippogriff (D:7)
  2 black bears
  A sky beast (D:5)
  4 orc warriors
  A necrophage (D:8)
  2 ice beasts
  3 ogres
  A phantom (D:6)
  Sigmund (D:2)
  A big kobold (D:7)
  Blork the orc (D:8)
  2 giant frogs (D:7)
  A gnoll sergeant (D:6)
  6 scorpions
  An oklob sapling (D:5)
  3 crimson imps
  A giant frog zombie (D:6)
  A goliath beetle (D:8)
  5 hounds
  4 jellies
  Crazy Yiuf (D:5)
  3 orc priests (D:6)
  A giant frog skeleton (D:4)
  3 orc wizards
  2 iguanas
  2 worker ants (D:7)
  A killer bee zombie (D:7)
  2 hound skeletons
  8 gnolls
  A river rat (D:6)
  10 adders
  8 worms
  5 giant mites
  An adder zombie (D:7)
  4 adder skeletons
  22 orcs
  3 bat skeletons
  A bat zombie (D:6)
  12 hobgoblins
  16 kobolds
  4 quokkas
  12 bats
  8 giant cockroaches
  8 giant geckos
  A giant gecko skeleton (D:4)
  4 giant newts
  8 goblins
  A jackal (D:4)
  A jackal skeleton (D:4)
  A quokka zombie (D:7)
  13 rats
  2 plants
218 creatures vanquished.

Notes
Turn   | Place    | Note
--------------------------------------------------------------
     0 | D:1      | karlm, the Gargoyle Fighter, began the quest for the Orb.
     0 | D:1      | Reached XP level 1. HP: 14/14 MP: 1/1
   145 | D:1      | Reached XP level 2. HP: 13/20 MP: 2/2
   565 | D:1      | Reached XP level 3. HP: 20/24 MP: 3/3
   718 | D:1      | Reached skill level 4 in Fighting
   967 | D:2      | Found an ancient bone altar of Kikubaaqudgha.
   967 | D:2      | Found a sparkling altar of Nemelex Xobeh.
  1018 | D:2      | Noticed Sigmund
  1032 | D:2      | Killed Sigmund
  1032 | D:2      | Reached XP level 4. HP: 18/30 MP: 4/4
  1159 | D:2      | Reached XP level 5. HP: 19/34 MP: 5/5
  1620 | D:2      | Found a burning altar of Makhleb.
  2571 | D:4      | Noticed an ogre
  2585 | D:4      | Killed an ogre
  2585 | D:4      | Reached skill level 5 in Fighting
  2585 | D:4      | Reached XP level 6. HP: 20/40 MP: 6/6
  3070 | D:4      | Reached XP level 7. HP: 37/44 MP: 7/7
  3816 | D:5      | Entered Level 5 of the Dungeon
  3848 | D:5      | Reached skill level 5 in Armour
  3848 | D:5      | Reached skill level 5 in Shields
  3863 | D:5      | Found Tuvywk's Gadget Shoppe.
  3900 | D:5      | Reached skill level 6 in Fighting
  3900 | D:5      | Reached skill level 5 in Maces & Flails
  3909 | D:5      | Reached XP level 8. HP: 29/52 MP: 8/8
  4074 | D:5      | Found Hierinn's Magic Scroll Boutique.
  4081 | D:5      | Found Laxig's Gadget Emporium.
  4134 | D:5      | Noticed Crazy Yiuf
  4139 | D:5      | Killed Crazy Yiuf
  4298 | D:5      | Found Ulerch's General Store.
  4321 | D:5      | Bought a +1 helmet of intelligence for 181 gold pieces
  4345 | D:5      | Found a staircase to the Ecumenical Temple.
  4376 | Temple   | Entered the Ecumenical Temple
  4415 | Temple   | Became a worshipper of Warmaster Okawaru
  4584 | D:5      | Found Tuanuus' Distillery.
  4591 | D:5      | Bought a potion of poison for 13 gold pieces
  4792 | D:6      | Noticed Eustachio
  4931 | D:6      | Killed Eustachio
  4931 | D:6      | Reached skill level 7 in Fighting
  5027 | D:6      | Acquired Okawaru's first power
  5131 | D:6      | Reached XP level 9. HP: 36/59 MP: 9/9
  5229 | D:6      | Reached skill level 8 in Fighting
  5233 | D:6      | Got a polished hand axe
  5234 | D:6      | Identified the +5 hand axe "Mutraab" {pain, rC+ rN+} (You took it off a gnoll on level 6 of the Dungeon)
  5246 | D:6      | Found a basalt altar of Yredelemnul.
  5931 | D:7      | Found a sacrificial altar of Ru.
  6698 | D:7      | Reached skill level 9 in Fighting
  7356 | D:8      | Noticed Erolcha
  7373 | D:8      | Killed Erolcha
  7373 | D:8      | Reached XP level 10. HP: 42/68 MP: 7/10
  7560 | D:8      | Found a snail-covered altar of Cheibriados.
  7753 | D:8      | Noticed Grum
  7778 | D:8      | Reached skill level 10 in Fighting
  7806 | D:8      | Killed Grum
  8020 | D:8      | Noticed Blork the orc
  8043 | D:8      | Killed Blork the orc
  8140 | D:8      | Found a stormy altar of Qazlal.
  8280 | D:8      | Found a blossoming altar of Fedhas.
  8299 | D:8      | Noticed an oklob plant
  8320 | D:8      | Splashed by an oklob plant's acid

Action                   |  1- 3 |  4- 6 |  7- 9 | 10-12 || total
-------------------------+-------+-------+-------+-------++-------
Melee: Flail             |    85 |   234 |   455 |       ||   774
       Morningstar       |       |       |   224 |   123 ||   347
       Hand axe          |       |       |    11 |       ||    11
Throw: Stone             |       |     9 |     6 |       ||    15
       Tomahawk          |       |       |     4 |       ||     4
Invok: Heroism           |       |       |     1 |       ||     1
  Use: Scroll            |       |     1 |     5 |       ||     6
       Potion            |       |       |     2 |       ||     2
  Eat: Chunk             |       |     7 |    16 |     4 ||    27
